 Dungeon Crawl Stone Soup version 0.25-a0-340-ga1faa1601d (webtiles) character file.

Game seed: 8342261156820829739, levelgen mode: classic

692 Borgoz the Slasher (level 7, 0/44 HPs)
             Began as a Gargoyle Fighter on Dec 29, 2019.
             Engulfed by Ijyb's flame (23 damage)
             ... on level 5 of the Dungeon.
             The game lasted 00:04:23 (3994 turns).

Borgoz the Slasher (Gargoyle Fighter)               Turns: 3994, Time: 00:04:24

Health: 0/44       AC: 15    Str: 21    XL:     7   Next: 63%
Magic:  7/7        EV:  7    Int:  9    God:
Gold:   295        SH:  9    Dex:  9    Spells: 6/6 levels left

rFire    . . .     SeeInvis +   a - +0 long sword
rCold    . . .     Gourm    .   c - +0 shield
rNeg     + . .     Faith    .   b - +0 scale mail
rPois    ∞         Spirit   .   s - +1 helmet
rElec    +         Reflect  .   (no cloak)
rCorr    .         Harm     .   C - +0 pair of gloves
MR       +....                  (no boots)
Stlth    ..........             (no amulet)
HPRegen  0.14/turn              v - ring of see invisible
MPRegen  0.10/turn              p - ring of protection from magic

@: no status effects
A: negative energy resistance 1, electricity resistance, unbreathing,
petrification resistance, rot immunity, AC +4
a: no special abilities


You were on level 5 of the Dungeon.
You were not hungry.

You visited 1 branch of the dungeon, and saw 5 of its levels.

You collected 295 gold pieces.

Inventory:

Hand Weapons
 a - a +0 long sword (weapon)
Armour
 b - a +0 scale mail (worn)
 c - a +0 shield (worn)
 s - a +1 helmet (worn)
 C - a +0 pair of gloves (worn)
Jewellery
 m - an uncursed ring of positive energy
 p - a ring of protection from magic (right hand)
 v - a ring of see invisible (left hand)
Wands
 r - a wand of iceblast (7)
 D - a wand of flame (16)
Scrolls
 e - a scroll of magic mapping {unknown}
 i - a scroll of teleportation {unknown}
 j - 5 scrolls of fog {unknown}
 k - a scroll of enchant armour {unknown}
 l - 3 scrolls of identify
 o - a scroll of random uselessness {unknown}
 t - a scroll of amnesia {unknown}
 u - a scroll of enchant weapon {unknown}
 x - a scroll of blinking {unknown}
 y - a scroll of remove curse {unknown}
 E - a scroll of fear {unknown}
 F - 2 scrolls of immolation {unknown}
Potions
 d - a potion of might
 g - a potion of magic
 h - 2 potions of cancellation
 n - a potion of haste
 q - a potion of ambrosia {unknown}
 w - a potion of lignification {unknown}
 z - a potion of brilliance
 A - 2 potions of flight {unknown}
 B - a potion of curing
 H - a potion of heal wounds {unknown}
 I - a potion of mutation {unknown}
Comestibles
 f - 7 rations
 G - 3 chunks of flesh


   Skills:
 + Level 5.4 Fighting
 * Level 5.5 Long Blades
 + Level 5.5 Armour
 - Level 3.2 Shields


You had 6 spell levels left.
You didn't know any spells.
Your spell library was empty.

Dungeon Overview and Level Annotations

Branches:
Dungeon (5/15)
 Temple: D:4-7

Altars:
Fedhas
Gozag
Kikubaaqudgha
Makhleb
Qazlal
Ru
Sif Muna

Annotations:
D:5 Ijyb


Innate Abilities, Weirdness & Mutations

You are resistant to torment.
Your stone body is resilient. (AC +4)
You are immune to poison.
You resist negative energy. (rN+)
You are resistant to electric shocks. (rElec)
You can survive without breathing.
You are immune to petrification.
You are immune to rotting.


Message History

You closely miss Ijyb.
Ijyb is heavily wounded.
Ijyb hits you but does no damage.
You hit Ijyb but do no damage.
Ijyb is heavily wounded.
Ijyb barely misses you.
You hit Ijyb.
Ijyb is severely wounded.
Ijyb zaps a wand.
Ijyb creates a blast of flame!
Ijyb barely misses you.
You barely miss Ijyb.
Ijyb is severely wounded.
You are engulfed in blazing flames.
Ijyb hits you but does no damage.
You hit Ijyb.
Ijyb is severely wounded.
You are engulfed in blazing flames.
Ijyb hits you but does no damage.
You barely miss Ijyb.
Ijyb is severely wounded.
You are engulfed in blazing flames.
Ouch! That really hurt!
You die...

#†# #. #######.# #.
#.......# ## #. #.####..# ..
#. #..# .# #.
###.####..##.### #. #.
..........#.... ..######.
###.####.##g.#######........
#.##@..>......######.
#..§§§...............
####§########.#######
##########.#### #
#PPPP^#......# #
#..P.^###.##.# #
###P._P.###.##.# ##
#.#...^^#...##.###.
..#.^P.P#.#......†.


You could see Ijyb.

Vanquished Creatures
  A sky beast (D:5)
  A centaur (D:5)
  4 scorpions
  A howler monkey (D:4)
  A hound (D:5)
  A bullfrog skeleton (D:4)
  An orc priest (D:4)
  An orc wizard (D:4)
  An iguana (D:5)
  A worker ant (D:4)
  2 adders
  An ooze (D:1)
  An adder zombie (D:5)
  A worm (D:5)
  A dart slug (D:1)
  4 leopard geckos
  13 orcs
  A ball python (D:1)
  A giant cockroach (D:3)
  5 goblins
  7 hobgoblins
  3 jackals (D:3)
  3 quokkas
  6 bats
  7 frilled lizards
  9 kobolds
  A leopard gecko skeleton (D:4)
  4 rats
83 creatures vanquished.

Notes
Turn   | Place    | Note
-------+----------+-------------------------------------------
     0 | D:1      | Borgoz the Gargoyle Fighter began the quest for the Orb.
     0 | D:1      | Reached XP level 1. HP: 14/14 MP: 1/1
   320 | D:1      | Reached XP level 2. HP: 16/19 MP: 2/2
   852 | D:2      | Found a burning altar of Makhleb.
   866 | D:2      | Reached XP level 3. HP: 23/23 MP: 3/3
  1217 | D:2      | Found an ancient bone altar of Kikubaaqudgha.
  1218 | D:2      | Found an opulent altar of Gozag.
  1255 | D:2      | Found a blossoming altar of Fedhas.
  1698 | D:2      | Found a shimmering blue altar of Sif Muna.
  1871 | D:3      | Reached XP level 4. HP: 29/29 MP: 4/4
  1980 | D:3      | Found a stormy altar of Qazlal.
  2389 | D:4      | Reached XP level 5. HP: 26/33 MP: 5/5
  2707 | D:4      | Reached XP level 6. HP: 37/39 MP: 6/6
  3494 | D:5      | Entered Level 5 of the Dungeon
  3603 | D:5      | Found a sacrificial altar of Ru.
  3643 | D:5      | Reached skill level 5 in Armour
  3650 | D:5      | Reached skill level 5 in Fighting
  3650 | D:5      | Reached XP level 7. HP: 24/44 MP: 7/7
  3820 | D:5      | Reached skill level 5 in Long Blades
  3985 | D:5      | Noticed Ijyb
  3994 | D:5      | Engulfed by Ijyb's flame

Levels and vault maps discovered:
D:1:      shiori_arrival_oz, layout_basic, grunt_decor_mini_mirrors
D:2:      layout_loops_ring, gammafunk_temple_overflow_forgotten,
          lemuel_doored_altar, hangedman_decor_riveting, serial_bayou_pond_b,
          fedhas_ov_isle_minmay
D:3:      layout_rooms, grunt_qazlal_clouds
D:4:      layout_layer_cave, first_ration, minmay_tree_intersection
D:5:      layout_loops_ring, nicolae_ru_the_path_less_chosen, okawaru_trees_2,
          minmay_increasing_density, uniq_ijyb

Skill      XL: |  1  2  3  4  5  6  7 |
---------------+----------------------+-----
Long Blades    | 2 3 4 5 |  5.5
Fighting       | 4 5 |  5.4
Armour         | 4 5 |  5.5
Shields        | |  3.2

Action                   |  1- 3 |  4- 6 |  7- 9 || total
-------------------------+-------+-------+-------++-------
Melee: Long sword        |   165 |   153 |    71 ||   389
  Use: Scroll            |       |     5 |       ||     5
  Eat: Chunk             |     3 |     6 |     2 ||    11
Armor: Scale mail        |   143 |    61 |    37 ||   241
Dodge: Dodged            |    70 |    52 |    18 ||   140
Block: Shield            |   113 |    76 |    26 ||   215
       Rpst.: Long sword |    23 |    21 |     5 ||    49

Table legend:
 A = Non-vault XP
 B = Vault XP
 C = Vault XP percentage of total XP
 D = Non-vault monster count
 E = Vault monster count
 F = Vault count percentage of total count
                 A         B        C        D         E       F
            +---------+---------+-------+---------+---------+-------
      Total |     786 |     203 |  20.5 |      71 |      12 |  14.5
            +---------+---------+-------+---------+---------+-------
        D:1 |      26 |       3 |  10.3 |      13 |       2 |  13.3
        D:2 |      13 |      20 |  60.6 |       8 |       5 |  38.5
        D:3 |      47 |       0 |   0.0 |      23 |       0 |   0.0
        D:4 |     378 |       0 |   0.0 |      16 |       0 |   0.0
        D:5 |     322 |     180 |  35.9 |      11 |       5 |  31.2
            +---------+---------+-------+---------+---------+-------
